 Dungeon Crawl Stone Soup version 0.29.0-7-g18a832c13a (webtiles) character file.

Game seed: 14730056729917983099

106213 browni3141 the Brawler (level 15, -4/143 HPs)
             Began as a Troll Cinder Acolyte on Aug 30, 2022.
             Was a High Priest of Nemelex Xobeh.
             Slain by a merfolk impaler
             ... wielding a +5 trident of venom
              (12 damage)
             ... on level 1 of the Shoals.
             The game lasted 01:10:52 (22524 turns).

browni3141 the Brawler (Troll Cinder Acolyte)      Turns: 22524, Time: 01:10:54

Health: -4/143     AC: 19    Str: 32    XL:     15   Next: 96%
Magic:  23/23      EV:  6    Int: 10    God:    Nemelex Xobeh [*****.]
Gold:   2488       SH: 16    Dex:  5    Spells: 16/16 levels left

rFire   + + .      SeeInvis .     - Unarmed
rCold   x . .      Faith    .   Z - +0 tower shield
rNeg    . . .      Spirit   .   D - +0 fire dragon scales
rPois   +          Reflect  .   V - +2 hat
rElec   .          Harm     .   J - +0 cloak
rCorr   .          Rampage  .   (gloves unavailable)
Will    ++...                   (boots unavailable)
Stlth   ..........              (no amulet)
HPRegen 1.13/turn               O - +4 ring of protection
MPRegen 0.18/turn               P - ring of poison resistance {@f3}

@: lethally poisoned (-4 -> -4), studying Staves
A: large, unfitting armour, claws 3, regeneration 1, shaggy fur 1, tough skin 1,
strong-willed 1
a: Renounce Religion, Draw Escape, Draw Destruction, Draw Summoning, Triple
Draw, Deal Four, Stack Five


You were on level 1 of the Shoals.
You worshipped Nemelex Xobeh.
Nemelex Xobeh was extremely pleased with you.
You visited 6 branches of the dungeon, and saw 25 of its levels.
You also visited: Gauntlet.

You collected 2488 gold pieces.


Innate Abilities, Weirdness & Mutations

You are too large for most types of armour.
You have claws for hands.
Your natural rate of healing is unusually fast.
You are covered in fur. (AC +1)
You have tough skin. (AC +1)
You are strong-willed. (Will+)


   Skills:
 - Level 8.0 Fighting
 - Level 8.0 Throwing
 - Level 6.0 Armour
 - Level 15.0 Shields
 * Level 15.3 Unarmed Combat
 - Level 1.0 Spellcasting
 - Level 2.1 Fire Magic
 - Level 12.0 Invocations


You had 16 spell levels left.
You didn't know any spells.
Your spell library contained the following spells:

 Spells                   Type           Power      Damage    Failure   Level
 Scorch                   Fire           8%         2d5       77%         2
 Static Discharge         Conj/Air       0%         3-3/arc   96%         2
 Dazzling Flash           Conj/Hex       0%         N/A       99%         3
 Frozen Ramparts          Ice            0%         1d1       99%         3
 Gell's Gravitas          Tloc           0%         N/A       99%         3
 Lesser Beckoning         Tloc           0%         N/A       99%         3
 Ozocubu's Armour         Ice            0%         N/A       99%         3
 Stone Arrow              Conj/Erth      0%         3d7       99%         3
 Teleport Other           Tloc           0%         N/A       99%         3
 Animate Armour           Summ/Erth      0%         N/A       100%        4
 Dispel Undead            Necr           0%         3d6       100%        4
 Ice Form                 Ice/Tmut       0%         N/A       100%        4
 Iskenderun's Mystic Bla  Conj/Tloc      0%         2d3       100%        4
 Passage of Golubria      Tloc           0%         N/A       100%        4
 Sticky Flame             Conj/Fire      2%         2d3       100%        4
 Summon Ice Beast         Ice/Summ       0%         N/A       100%        4
 Fireball                 Conj/Fire      1%         3d3       100%        5
 Silence                  Hex/Air        0%         N/A       100%        5
 Starburst                Conj/Fire      1%         6d3       100%        6
 Malign Gateway           Summ/Tloc      0%         N/A       100%        7
 Ozocubu's Refrigeration  Ice            0%         4d7       100%        7
 Ignition                 Fire           2%         3d3       100%        8
 Lehudib's Crystal Spear  Conj/Erth      0%         10d2      100%        8
 Summon Horrible Things   Summ           0%         N/A       100%        8

Inventory:

Missiles
 h - 3 curare-tipped darts {@f4}
 p - 18 large rocks (quivered)
 A - 24 poisoned darts {@f3}
 L - 3 silver javelins
 M - 18 boomerangs
 N - 5 javelins
 T - 2 throwing nets
Armour
 D - +0 fire dragon scales (worn)
 J - a +0 cloak (worn)
 V - a +2 hat (worn)
 Z - a +0 tower shield (worn)
Jewellery
 C - a ring of protection from cold
 O - a +4 ring of protection (left claw)
 P - a ring of poison resistance (right claw) {@f3}
 R - a ring of resist corrosion
 S - a +6 ring of strength
Wands
 a - a wand of polymorph (4)
 f - a wand of flame (13)
 g - a wand of roots (12)
 Y - a wand of paralysis (2)
Scrolls
 b - 24 scrolls of identify {unknown}
 c - 4 scrolls of fog {unknown}
 d - 4 scrolls of immolation {unknown}
 i - 4 scrolls of vulnerability {unknown}
 j - 4 scrolls of blinking {unknown}
 k - 3 scrolls of amnesia {unknown}
 l - 5 scrolls of noise {unknown}
 s - 7 scrolls of teleportation {unknown}
 x - 4 scrolls of summoning {unknown}
 y - 4 scrolls of enchant armour {unknown}
 F - 4 scrolls of torment {unknown}
 H - a scroll of fear {unknown}
 I - a scroll of acquirement {unknown}
 U - a scroll of brand weapon {unknown}
 W - 3 scrolls of magic mapping {unknown}
 X - a scroll of enchant weapon {unknown}
Potions
 e - a potion of lignification {unknown}
 m - 2 potions of resistance {unknown}
 o - 4 potions of haste {@q3}
 q - 2 potions of degeneration {unknown}
 r - a potion of brilliance {unknown}
 t - a potion of cancellation {unknown}
 u - 4 potions of mutation {unknown}
 v - 4 potions of curing {@q1}
 w - 5 potions of heal wounds {unknown}
 z - 7 potions of might {unknown}
 B - a potion of invisibility {unknown}
 E - 2 potions of flight {unknown}
 G - a potion of ambrosia {unknown}
 K - a potion of berserk rage {unknown}
 Q - 5 potions of attraction {unknown}
Miscellaneous
 n - a lightning rod (4/4)

Dungeon Overview and Level Annotations

Branches:
Dungeon (15/15)            Temple (1/1) D:7            Lair (5/5) D:10
 Shoals (1/4) Lair:2       Spider (1/4) Lair:3        Slime (0/5) Lair:4
    Orc (2/2) D:10            Elf (0/3) Orc:2        Vaults (0/5) D:13
Gauntlet (visited)
 Depths: D:15

Altars:
Ashenzari
Cheibriados
Dithmenos
Elyvilon
Fedhas
Gozag
Hepliaklqana
Kikubaaqudgha
Makhleb
Nemelex Xobeh
Okawaru
Qazlal
Ru
Sif Muna
Trog
Uskayaw
Vehumet
Wu Jian
Xom
Yredelemnul
Zin
The Shining One
Jiyva

Shops:
D:10 *   Orc:2 ?[((

Annotations:
D:7 3 runed translucent doors, Werew's ghost, novice HOFi
D:13 exclusion: obsidian statue
Lair:5 exclusions: door and obsidian statue

≈≈≈≈≈≈≈≈≈~~~~~~~~~~~~~....~~¦
≈≈≈≈≈≈≈~~..c~~~~~~~~~~~...~~¦
≈≈≈≈≈≈≈~~..c.~~~~~~.~~≈~~.~≈¦
≈~~~...~.# #.........~≈~~...¦
≈~~..# #.....#..~≈≈~.~.¦ ≈~~t#¦
##..#.....~≈~~≈≈¦ ≈~~.#
#..####..~~~~≈≈≈ ~~~.#####
#.).###)...~≈≈≈≈≈≈≈≈
~~~~....##¦###..@m....(~~≈≈≈≈~≈≈≈
≈~~~~~t~.##...~..†y÷..≈≈≈≈≈≈≈~~≈≈
≈~~~~~~~~........).~.~~~~~~≈≈~~≈~
≈≈≈~~~~~~~~~.~~..)..~~~~~.~≈~~~~.
≈≈≈≈≈≈~~~~~~~~~~~~.##.~~~~~≈≈~~~.
≈≈≈≈≈≈≈≈≈~~~~~~~~~.###.~~.~≈≈~~~.
≈≈≈≈≈≈≈≈≈≈≈~~~~.........~..~~~~~~
≈≈≈≈≈≈≈≈≈≈≈≈≈~~~~~...~..~..~~~~~~
≈≈≈≈≈≈≈≈≈≈≈≈~~~~~~......~~~~~~~~


You could see a merfolk impaler (very poisoned, ally target), 2 fauns and a
friendly killer bee (summoned).


Message History

Your killer bee completely misses the merfolk impaler.
You block the merfolk impaler's attack.
Unknown command.
Unknown command.
You barely miss the merfolk impaler.
The merfolk impaler is almost dead.
You feel sick.
Your killer bee misses the merfolk impaler.
The merfolk impaler hits you with a +5 trident of venom!
* * * LOW HITPOINT WARNING * * *
Your killer bee stings the merfolk impaler.
The merfolk impaler looks even sicker.
Your killer bee poisons the merfolk impaler!
The faun shoots a sling bullet.
The sling bullet hits you.
* * * LOW HITPOINT WARNING * * *
The merfolk impaler hits you with a +5 trident of venom.
* * * LOW HITPOINT WARNING * * *
You miss the merfolk impaler.
The merfolk impaler is almost dead.
You feel sick.
Your killer bee stings the merfolk impaler but does no damage.
The faun shoots a sling bullet.
The sling bullet hits you but does no damage.
The faun shoots a sling bullet.
The sling bullet hits you but does no damage.
Your killer bee stings the merfolk impaler but does no damage.
You block the merfolk impaler's attack.
The merfolk impaler hits you with a +5 trident of venom!
You die...
Your body glows slightly and disappears.

Skill      XL: |  1  2  3  4  5  6  7  8  9 10 11 12 13 14 15 |
---------------+----------------------------------------------+-----
Unarmed Combat | 4 6 7 9 10 12 14 15 | 15.3
Fighting       | 3 4 6 7 8 |  8.0
Armour         | 4 6 |  6.0
Shields        | 1 8 10 14 15 | 15.0
Throwing       | 2 5 8 |  8.0
Invocations    | 4 9 10 12 | 12.0
Spellcasting   | |  1.0
Fire Magic     | |  2.1

Action                   |  1- 3 |  4- 6 |  7- 9 | 10-12 | 13-15 || total
-------------------------+-------+-------+-------+-------+-------++-------
Melee: Unarmed           |    55 |   163 |   240 |   479 |  1250 ||  2187
       Punch             |     2 |       |     7 |    13 |       ||    22
Throw: Dart              |       |     1 |    13 |    47 |     3 ||    64
       Large rock        |       |       |       |     2 |    55 ||    57
       Javelin           |       |       |       |       |     6 ||     6
       Boomerang         |       |       |       |       |    39 ||    39
Invok: Fiery Armour      |     1 |     1 |     1 |     5 |       ||     8
       Foxfire Swarm     |       |       |     1 |     2 |       ||     3
       Draw Destruction  |       |       |       |     5 |    50 ||    55
       Draw Summoning    |       |       |       |     2 |     8 ||    10
       Draw Escape       |       |       |       |       |     5 ||     5
       Triple Draw       |       |       |       |       |     1 ||     1
       Deal Four         |       |       |       |       |     2 ||     2
Evoke: Wand              |       |       |     3 |    19 |    16 ||    38
 Stab: Paralysed         |       |       |     1 |       |     3 ||     4
       Distracted        |       |       |       |       |     1 ||     1
       Petrified         |       |       |       |       |     3 ||     3
Armor: Robe              |    21 |    94 |    61 |       |       ||   176
       Fire dragon scale |       |       |    76 |   305 |   569 ||   950
Dodge: Dodged            |    22 |    84 |   121 |   170 |   221 ||   618
Block: Kite shield       |       |       |       |   134 |   132 ||   266
       Tower shield      |       |       |       |       |   678 ||   678

Levels and vault maps discovered:
D:1:      ncdulo_watergridlock, layout_basic
D:2:      layout_basic, hellmonk_ecumenical_altar_dog_temple, st_stairs_3,
          uniq_terence
D:3:      layout_basic, nicolae_figureground_sparkle
D:4:      layout_rooms, gammafunk_temple_overflow_elements, uniq_duvessa
D:5:      layout_rooms, uniq_grinder, uniq_edmund
D:6:      layout_rooms, minmay_mini_ossuary, uniq_prince_ribbit1
D:7:      layout_basic, minmay_temple_entry_junction,
          gammafunk_ghost_necromancy, abandoned_shop
D:8:      layout_gridville
D:9:      minmay_four_partial_circles, layout_cave_pools, nicolae_wwwww
D:10:     layout_stronghold, nicolae_qazlal_style_of_elements,
          david_lair_generic, orc_0_dummy, serial_column_ruins,
          column_ruins_hut, column_ruins_open_tiny, column_ruins_columns_corner,
          column_ruins_columns_straight, nicolae_shop_sticking_my_neck_out,
          uniq_harold, uniq_lodul
D:11:     layout_cave_pools, minmay_liquid_box, minmay_misc_feat_diagonals,
          grunt_ministairs_8
D:12:     layout_loops_cross
D:13:     layout_loops_ring, lightli_vaults_fourway_checkpoint, serial_rivers,
          chequers_serial_rivers_small_b, chequers_serial_rivers_marsh,
          chequers_serial_rivers_micro_a, chequers_serial_rivers_small_a,
          chequers_serial_rivers_large_b, gauntlet_entry_generic,
          hangedman_devilish_allure
D:14:     layout_basic, okawaru_ov_weapons_minmay
D:15:     hangedman_depths_entry_civil_slaughter, layout_gridville,
          minmay_splitting_lines, elyvilon_altar_3, uniq_rupert, uniq_louise
Temple:   hellmonk_temple_divided_pantheon
Lair:1:   layout_gridlike, grunt_megastairs_4, infiniplex_staircase_pool
Lair:2:   dreamdust_cave_troll, layout_chaotic_city,
          minmay_shoals_entry_lonely_mermaid, serial_bayou_lake_a,
          serial_bayou_shore_b, uniq_gastronok
Lair:3:   layout_concentric_octagons, nicolae_spider_entry_orb_guardian,
          grunt_megastairs_2
Lair:4:   layout_layer_cave, slime_entry_1, serial_bayou_shore_a,
          grunt_megastairs_5
Lair:5:   due_jungle_book, layout_cave_shapes, basic_altar,
          dreamdust_deal_with_the_devil, grunt_megastairs_1
Shoals:1: cheibrodos_shoals_epimethial_gifts, layout_shoals, serial_shops, shop
Spider:1: layout_spider_delve
Orc:1:    giant_chief_lemuel, layout_caves
Orc:2:    st_orc_ogre_mass, layout_caves

Notes
Turn   | Place    | Note
-------+----------+-------------------------------------------
     0 | D:1      | browni3141 the Troll Cinder Acolyte began the quest for the
                  | Orb.
     0 | D:1      | Reached XP level 1. HP: 22/22 MP: 1/1
   192 | D:1      | Reached XP level 2. HP: 29/29 MP: 2/2
   620 | D:2      | Noticed Terence
   633 | D:2      | Reached skill level 4 in Unarmed Combat
   635 | D:2      | Killed Terence
   636 | D:2      | Reached XP level 3. HP: 35/36 MP: 3/3
   775 | D:2      | Reached XP level 4. HP: 40/44 MP: 4/4
   905 | D:2      | Reached skill level 5 in Unarmed Combat
  1031 | D:2      | Found a faded altar of an unknown god.
  1381 | D:3      | You fall into a shaft and drop 1 floor!
  1385 | D:4      | Noticed a phantom
  1399 | D:4      | Killed a phantom
  1400 | D:4      | Reached skill level 6 in Unarmed Combat
  1400 | D:4      | Reached XP level 5. HP: 50/50 MP: 5/5
  1462 | D:4      | Noticed Duvessa
  1463 | D:4      | Noticed Dowan
  1466 | D:4      | Reached XP level 6. HP: 54/59 MP: 6/6
  1475 | D:4      | Killed Duvessa
  1476 | D:4      | Reached skill level 3 in Fighting
  1476 | D:4      | Reached skill level 7 in Unarmed Combat
  1477 | D:4      | Killed Dowan
  1718 | D:4      | Found a white marble altar of Elyvilon.
  1718 | D:4      | Found a snail-covered altar of Cheibriados.
  1893 | D:3      | Reached XP level 7. HP: 67/67 MP: 7/7
  2198 | D:5      | Entered Level 5 of the Dungeon
  2225 | D:5      | Reached skill level 8 in Unarmed Combat
  2357 | D:5      | Noticed Edmund
  2358 | D:5      | Noticed Grinder
  2362 | D:5      | Killed Edmund
  2363 | D:5      | Reached skill level 4 in Fighting
  2363 | D:5      | Killed Grinder
  2373 | D:5      | Reached skill level 9 in Unarmed Combat
  2373 | D:5      | Reached XP level 8. HP: 78/78 MP: 8/8
  2505 | D:5      | Reached skill level 10 in Unarmed Combat
  2904 | D:6      | Reached skill level 5 in Fighting
  3020 | D:6      | Reached skill level 6 in Fighting
  3112 | D:6      | Noticed Prince Ribbit
  3124 | D:6      | Killed Prince Ribbit
  3125 | D:6      | Reached XP level 9. HP: 71/89 MP: 9/9
  3441 | D:7      | Found a runed translucent gate.
  3443 | D:7      | Found a runed translucent gate.
  3443 | D:7      | Found a runed translucent gate.
  3450 | D:7      | Noticed Werew's ghost (novice HOFi)
  3600 | D:7      | Found a staircase to the Ecumenical Temple.
  3604 | D:7      | Reached skill level 1 in Armour
  3859 | D:7      | Reached skill level 11 in Unarmed Combat
  4278 | Temple   | Entered the Ecumenical Temple
  4278 | Temple   | Found a transporter.
  4278 | Temple   | Found a transporter.
  4280 | Temple   | Found a transporter.
  4280 | Temple   | Found a transporter.
  4397 | D:8      | Reached skill level 2 in Armour
  4623 | D:8      | Reached skill level 3 in Armour
  4883 | D:8      | Reached skill level 4 in Armour
  5741 | D:9      | Reached skill level 12 in Unarmed Combat
  5741 | D:9      | Reached XP level 10. HP: 93/98 MP: 10/10
  5752 | D:9      | Noticed a two-headed ogre
  5757 | D:9      | Killed a two-headed ogre
  5758 | D:9      | Reached skill level 5 in Armour
  6055 | D:9      | Noticed a two-headed ogre
  6082 | D:9      | Killed a two-headed ogre
  6083 | D:9      | Reached skill level 6 in Armour
  6083 | D:9      | Reached skill level 13 in Unarmed Combat
  6240 | D:9      | Noticed a two-headed ogre
  6343 | D:9      | Killed a two-headed ogre
  6414 | D:9      | Reached skill level 14 in Unarmed Combat
  6418 | D:9      | Reached skill level 1 in Shields
  6428 | D:9      | Reached XP level 11. HP: 49/105 MP: 11/11
  6519 | D:9      | Noticed a two-headed ogre
  6528 | D:9      | Reached skill level 2 in Shields
  6531 | D:9      | Killed a two-headed ogre
  6532 | D:9      | Reached skill level 3 in Shields
  6658 | D:10     | Entered Level 10 of the Dungeon
  6683 | D:10     | Found a staircase to the Lair.
  6695 | D:10     | Reached skill level 4 in Shields
  6765 | D:10     | Noticed Lodul
  6795 | D:9      | Reached skill level 5 in Shields
  6823 | D:10     | Noticed Harold
  6883 | D:10     | Killed Harold
  6897 | D:10     | Reached skill level 6 in Shields
  7004 | D:10     | Found Budyuhiz's Neck Hole.
  7046 | D:10     | Found a stormy altar of Qazlal.
  7169 | D:10     | Identified the +0 pair of boots "Orydim" {+Inv rC+ Stlth+}
  7187 | D:10     | Found a staircase to the Orcish Mines.
  7264 | D:10     | Reached skill level 7 in Shields
  7449 | D:10     | Killed Lodul
  7717 | D:10     | Gained mutation: You are strong-willed. (Will+) [a neqoxec]
  7825 | D:10     | Reached skill level 8 in Shields
  8009 | D:11     | Noticed a two-headed ogre
  8019 | D:11     | Killed a two-headed ogre
  8020 | D:11     | Reached skill level 1 in Throwing
  8073 | D:11     | Noticed a skeletal warrior
  8075 | D:11     | Noticed a skeletal warrior
  8078 | D:11     | Noticed a skeletal warrior
  8082 | D:11     | Noticed a skeletal warrior
  8273 | Temple   | Fell from the grace of Ignis
  8273 | Temple   | Became a worshipper of Nemelex Xobeh the Trickster
  8400 | Orc:1    | Entered Level 1 of the Orcish Mines
  8400 | Orc:1    | Noticed a two-headed ogre
  8422 | D:10     | Reached skill level 2 in Throwing
  8505 | D:10     | Killed a two-headed ogre
  8590 | Orc:1    | Reached XP level 12. HP: 102/114 MP: 12/12
  8719 | Orc:1    | You fall into a shaft and drop 1 floor!
  8719 | Orc:2    | Entered Level 2 of the Orcish Mines
  8719 | Orc:2    | Noticed a two-headed ogre
  8729 | Orc:2    | Killed a two-headed ogre
  8730 | Orc:2    | Reached skill level 3 in Throwing
  8791 | Orc:2    | Reached skill level 9 in Shields
  9033 | Orc:2    | Noticed an ogre mage
  9145 | Orc:1    | Reached * piety under Nemelex Xobeh
  9221 | Orc:1    | Noticed an ettin
  9314 | Orc:1    | Received a gift from Nemelex Xobeh
  9761 | Orc:1    | You fall into a shaft and drop 1 floor!
  9761 | Orc:2    | Noticed a two-headed ogre
  9766 | Orc:2    | Found a staircase to the Elven Halls.
  9772 | Orc:2    | Killed a two-headed ogre
  9773 | Orc:2    | Reached skill level 4 in Throwing
  9773 | Orc:2    | Reached skill level 1 in Invocations
  9784 | Orc:2    | Noticed a two-headed ogre
  9785 | Orc:2    | Noticed a two-headed ogre
  9786 | Orc:2    | Noticed a two-headed ogre
  9786 | Orc:2    | Noticed an ogre mage
  9792 | Orc:2    | an ogre mage changed into a sea snake
  9792 | Orc:2    | a two-headed ogre changed into a manticore
  9801 | Orc:2    | Reached skill level 7 in Fighting
  9813 | Orc:2    | Killed an ogre mage
  9814 | Orc:2    | Reached skill level 2 in Invocations
  9853 | Orc:2    | Noticed a two-headed ogre
  9885 | Orc:2    | Noticed a two-headed ogre
  9922 | Orc:2    | Killed a two-headed ogre
  9970 | Orc:2    | Noticed a two-headed ogre
  9971 | Orc:2    | Noticed an ogre mage
  9981 | Orc:2    | Noticed an ogre mage
  9993 | Orc:2    | Paralysed by something for 2 turns
  9994 | Orc:2    | Killed a two-headed ogre
  9995 | Orc:2    | Noticed a two-headed ogre
 10183 | Orc:2    | Noticed a two-headed ogre
 10185 | Orc:2    | Noticed a two-headed ogre
 10187 | Orc:2    | Reached skill level 5 in Throwing
 10210 | Orc:2    | Noticed a two-headed ogre
 10214 | Orc:2    | Killed a two-headed ogre
 10215 | Orc:2    | Reached skill level 3 in Invocations
 10215 | Orc:2    | Noticed a two-headed ogre
 10220 | Orc:2    | Noticed a two-headed ogre
 10224 | Orc:2    | Killed a two-headed ogre
 10229 | Orc:2    | Killed a two-headed ogre
 10230 | Orc:2    | Reached skill level 10 in Shields
 10385 | Lair:1   | Entered Level 1 of the Lair of Beasts
 10468 | Lair:1   | You fall into a shaft and drop 1 floor!
 10470 | Lair:2   | Received a gift from Nemelex Xobeh
 10598 | Lair:2   | Reached skill level 4 in Invocations
 10604 | Lair:2   | Reached XP level 13. HP: 27/127 MP: 13/15
 10668 | Lair:2   | Was forgiven by Ignis
 10758 | Lair:2   | You fall into a shaft and drop 1 floor!
 10876 | Lair:3   | Reached skill level 8 in Fighting
 10882 | Lair:3   | Reached skill level 6 in Throwing
 10922 | Lair:3   | Reached ** piety under Nemelex Xobeh
 10971 | Lair:3   | Found a hole to the Spider Nest.
 11145 | Lair:3   | Noticed a spark wasp
 11145 | Lair:3   | a seven-headed hydra changed into a spark wasp
 11153 | Lair:3   | HP: 6/127 [spark wasp (11)]
 11154 | Lair:3   | Killed a spark wasp
 11155 | Lair:3   | Reached skill level 5 in Invocations
 11777 | Lair:2   | Received a gift from Nemelex Xobeh
 11877 | Lair:2   | Noticed Gastronok
 11892 | Lair:2   | Killed Gastronok
 11893 | Lair:2   | Reached skill level 7 in Throwing
 12108 | Lair:2   | Reached skill level 6 in Invocations
 12394 | Lair:2   | Found a staircase to the Shoals.
 12636 | Lair:1   | Received a gift from Nemelex Xobeh
 12932 | Lair:1   | Reached *** piety under Nemelex Xobeh
 12948 | Lair:1   | Reached skill level 8 in Throwing
 13072 | Lair:1   | Reached skill level 7 in Invocations
 13551 | Lair:3   | Reached skill level 8 in Invocations
 13692 | Lair:4   | Reached skill level 9 in Invocations
 13923 | Lair:4   | Found a staircase to the Slime Pits.
 13924 | Lair:4   | Found a viscous altar of Jiyva.
 14161 | Lair:4   | Received a gift from Nemelex Xobeh
 14291 | Lair:4   | Reached XP level 14. HP: 112/136 MP: 20/20
 14888 | Lair:5   | Entered Level 5 of the Lair of Beasts
 14909 | Lair:5   | Reached **** piety under Nemelex Xobeh
 14962 | Lair:5   | Received a gift from Nemelex Xobeh
 15343 | Lair:5   | Reached skill level 10 in Invocations
 15385 | Lair:5   | Found the +14 obsidian axe {vorpal, Mesm Drain Fly SInv}
 15473 | Lair:5   | Found a glowing silver altar of Zin.
 15547 | Lair:5   | Reached skill level 11 in Shields
 15573 | Lair:5   | Received a gift from Nemelex Xobeh
 16008 | Lair:5   | Identified the +6 dagger of Ashenzari's Envy {protect,
                  | Dex+5}
 16266 | Lair:5   | Reached skill level 12 in Shields
 16611 | Lair:5   | Identified the +2 trident of Defence by Offence {protect,
                  | Str+4 Dex+3 Stlth+}
 16955 | Orc:2    | Reached skill level 13 in Shields
 17219 | Orc:2    | Found Axiti's Weapon Emporium.
 17220 | Orc:2    | Found Qewaudir's Antique Weapon Boutique.
 17220 | Orc:2    | Found Enuacw's Magic Scroll Shoppe.
 17220 | Orc:2    | Found Usokk's Antique Armour Boutique.
 18232 | D:12     | Identified the -2 pair of gloves of Circular Logic {Str+6}
 18464 | D:12     | Reached skill level 14 in Shields
 18631 | D:12     | Received a gift from Nemelex Xobeh
 18672 | D:12     | Reached XP level 15. HP: 143/143 MP: 21/21
 19071 | D:13     | Found a gate leading to a gauntlet.
 19092 | Gauntlet | Entered a Gauntlet
 19092 | Gauntlet | Found a transporter.
 19093 | Gauntlet | Found a runed translucent door.
 19095 | Gauntlet | Found a transporter.
 19096 | Gauntlet | Found a transporter.
 19097 | Gauntlet | Found a transporter.
 19097 | Gauntlet | Reached ***** piety under Nemelex Xobeh
 19100 | Gauntlet | Found a transporter.
 19101 | Gauntlet | Found a transporter.
 19111 | Gauntlet | Found a transporter.
 19119 | Gauntlet | Found a transporter.
 19138 | Gauntlet | Found a runed translucent door.
 19208 | Gauntlet | Found a transporter.
 19225 | Gauntlet | Found a transporter.
 19229 | Gauntlet | Found a transporter.
 19240 | Gauntlet | Found a transporter.
 19254 | Gauntlet | Upgraded the game from 0.29.0-5-ge4962eb29e to
                  | 0.29.0-7-g18a832c13a
 19388 | D:13     | Received a gift from Nemelex Xobeh
 19882 | D:13     | Reached skill level 15 in Shields
 19882 | D:13     | Found a gate to the Vaults.
 20159 | D:13     | Identified the +4 falchion of Xeysylik {vorpal, rF+}
 20331 | D:14     | Found an iron altar of Okawaru.
 20410 | D:14     | Received a gift from Nemelex Xobeh
 20810 | D:15     | Entered Level 15 of the Dungeon
 21005 | Spider:1 | Entered Level 1 of the Spider Nest
 21156 | Spider:1 | Reached skill level 11 in Invocations
 21645 | Shoals:1 | Entered Level 1 of the Shoals
 21681 | Lair:2   | Noticed an emperor scorpion
 21681 | Lair:2   | a merfolk aquamancer changed into an emperor scorpion
 21690 | Lair:2   | Killed an emperor scorpion
 21748 | Shoals:1 | HP: 14/143 [drowned by a water elemental[a merfolk
                  | aquamancer] (5)]
 21926 | Shoals:1 | Noticed an emperor scorpion
 21926 | Shoals:1 | a merfolk aquamancer changed into an emperor scorpion
 21928 | Shoals:1 | Killed an emperor scorpion
 21987 | Shoals:1 | Reached skill level 15 in Unarmed Combat
 22001 | Shoals:1 | Received a gift from Nemelex Xobeh
 22351 | Shoals:1 | Reached skill level 12 in Invocations
 22523 | Shoals:1 | HP: 11/143 [merfolk impaler/+5 trident of venom (14)]
 22524 | Shoals:1 | Slain by a merfolk impaler

Vanquished Creatures
  Gastronok (Lair:2)
  2 emperor scorpions
  2 spark wasps
  Harold (D:10)
  5 hydras
  4 vault guards (D:13)
  A merfolk avatar (Shoals:1)
  A catoblepas (D:13)
  3 ogre magi (Orc:2)
  An anaconda (Shoals:1)
  2 centaur warriors
  4 merfolk aquamancers
  2 alligator snapping turtles (Shoals:1)
  A tengu warrior (D:13)
  19 two-headed ogres
  3 spectral dire elephants (Lair:5)
  3 death yaks (Lair:5)
  A deep troll (Lair:2)
  11 skeletal warriors
  Lodul (D:10)
  6 sea snakes
  An orb spider (Lair:3)
  A swamp dragon (Shoals:1)
  An orc knight (Orc:2)
  A mana viper (shapeshifter) (D:13)
  3 necromancers (Lair:5)
  A wizard (D:14)
  2 wolf spiders (Spider:1)
  5 ugly things
  An orc sorcerer (Orc:2)
  6 cyclopes
  2 fauns
  31 elephants
  A merfolk siren (Lair:2)
  5 manticores
  4 black mambas
  A dire elephant zombie (Lair:5)
  A water nymph (Shoals:1)
  A gargoyle (D:14)
  10 cane toads
  2 demonic crawlers (Spider:1)
  A kobold demonologist (D:10)
  An unseen horror (D:13)
  8 komodo dragons
  A rime drake (Lair:2)
  A merfolk (Shoals:1)
  A troll (D:13)
  3 hornets
  Grinder (D:5)
  3 wind drakes (Shoals:1)
  Prince Ribbit (D:6)
  A tarantella (Shoals:1)
  2 polar bears
  11 slime creatures
  A spectral elephant (Lair:5)
  15 blink frogs
  A jumping spider (Spider:1)
  2 shadows
  2 culicivoras (Spider:1)
  A snapping turtle (Shoals:1)
  3 vampires
  4 fire bats (Orc:1)
  2 wraiths (D:13)
  5 water elementals
  5 basilisks
  A human (Shoals:1)
  6 fire elementals
  4 wyverns
  29 yaks
  2 death yak simulacra (Lair:5)
  5 vampire mosquitoes
  A golden eye (shapeshifter) (D:14)
  A steam dragon (D:9)
  A spectral cane toad (Lair:5)
  3 wargs
  2 acid dragons
  13 water moccasins
  Edmund (D:5)
  Duvessa (D:4)
  A sky beast (D:8)
  10 orc warriors
  An ice beast (D:5)
  3 black bears
  28 ogres
  5 centaurs
  2 elephant skeletons (Lair:5)
  A phantom (D:4)
  12 bullfrogs
  4 kobold brigands
  5 scorpions
  2 necrophages
  A gnoll sergeant (D:9)
  2 cane toad simulacra (Lair:5)
  12 wights
  Dowan (D:4)
  13 killer bees
  An elephant simulacrum (Lair:5)
  2 electric eels
  6 howler monkeys
  A quasit (D:13)
  5 orc priests
  4 hounds
  4 iguanas
  Terence (D:2)
  11 orc wizards
  A mummy (D:6)
  3 gnolls (D:4)
  11 adders
  An ufetubus (D:6)
  3 worms
  3 dart slugs
  43 orcs
  4 bats
  6 endoplasms
  5 giant cockroaches
  6 goblins
  7 hobgoblins
  7 jackals
  7 quokkas
  4 ball pythons
  A frilled lizard (D:2)
  2 hobgoblin zombies (D:6)
  17 kobolds
  2 kobold zombies (D:6)
  6 rats
577 creatures vanquished.

Vanquished Creatures (collateral kills)
  A hydra (Lair:4)
  2 two-headed ogres (Orc:2)
  A sea snake (Orc:2)
  An elephant (Lair:4)
  2 blink frogs (Lair:4)
  3 water elementals
  A water moccasin (Lair:4)
  An ogre (Orc:2)
12 creatures vanquished.

Vanquished Creatures (others)
  A quicksilver ooze (Shoals:1)
  A spectral cane toad (Lair:5)
  47 foxfires
  23 fungi
  58 plants
  31 withered plants
161 creatures vanquished.

Grand Total: 750 creatures vanquished

Table legend: (Time is in decaauts)
 A = Elapsed time spent in this place.
 B = Non-inter-level travel time spent in this place.
 C = Inter-level travel time spent in this place.
 D = Time resting spent in this place.
 E = Time spent auto-exploring this place.
 F = Levels seen in this place.
 G = Mean time per level.
                   A        B        C        D        E       F      G
               +--------+--------+--------+--------+--------+-----+--------+
         Total |  22431 |  20442 |   1989 |   1640 |  12857 |  26 |  862.7 |
       Dungeon |  11711 |  10592 |   1119 |    690 |   7235 |  15 |  780.7 |
        Temple |     73 |     29 |     44 |      0 |      6 |   1 |   73.0 |
          Lair |   6801 |   6318 |    483 |    360 |   4385 |   5 | 1360.2 |
        Shoals |    662 |    662 |      0 |    186 |      0 |   1 |  662.0 |
   Spider Nest |    564 |    485 |     79 |    186 |      0 |   1 |  564.0 |
  Orcish Mines |   2412 |   2151 |    261 |    218 |   1230 |   2 | 1206.0 |
      Gauntlet |    206 |    206 |      0 |      0 |      0 |   1 |  206.0 |
               +--------+--------+--------+--------+--------+-----+--------+

Top non-repeatable levels by time:
  Lair:5: 1802 daAuts
    D:10: 1514 daAuts
  Lair:2: 1510 daAuts
  Lair:4: 1439 daAuts
   Orc:1: 1286 daAuts
     D:8: 1220 daAuts
    D:13: 1180 daAuts
  Lair:3: 1180 daAuts
     D:7: 1163 daAuts
   Orc:2: 1126 daAuts
     D:9: 976 daAuts
  Lair:1: 868 daAuts
    D:11: 854 daAuts
     D:6: 770 daAuts
    D:12: 684 daAuts

Table legend:
 A = Non-vault XP
 B = Vault XP
 C = Vault XP percentage of total XP
 D = Non-vault monster count
 E = Vault monster count
 F = Vault count percentage of total count
                 A         B        C        D         E       F
            +---------+---------+-------+---------+---------+-------
      Total |   89506 |   62228 |  41.0 |     427 |     158 |  27.0
            +---------+---------+-------+---------+---------+-------
        D:1 |      27 |       0 |   0.0 |      14 |       0 |   0.0
        D:2 |      87 |      48 |  35.6 |      17 |       7 |  29.2
        D:3 |      52 |       0 |   0.0 |      20 |       0 |   0.0
        D:4 |     330 |     216 |  39.6 |      24 |       2 |   7.7
        D:5 |     868 |     444 |  33.8 |      18 |       2 |  10.0
        D:6 |     701 |     308 |  30.5 |      10 |       6 |  37.5
        D:7 |     580 |       0 |   0.0 |      17 |       0 |   0.0
        D:8 |    1444 |     464 |  24.3 |      22 |       3 |  12.0
        D:9 |    2966 |    4170 |  58.4 |      26 |      20 |  43.5
       D:10 |    5015 |    3190 |  38.9 |      27 |      10 |  27.0
       D:11 |    4003 |     581 |  12.7 |       8 |       3 |  27.3
       D:12 |    2796 |       0 |   0.0 |       9 |       0 |   0.0
       D:13 |    4629 |    8898 |  65.8 |      17 |      13 |  43.3
       D:14 |   10811 |       0 |   0.0 |      18 |       0 |   0.0
       D:15 |     189 |       0 |   0.0 |       1 |       0 |   0.0
     Lair:1 |    4107 |     518 |  11.2 |      14 |       2 |  12.5
     Lair:2 |    9710 |    4327 |  30.8 |      31 |       5 |  13.9
     Lair:3 |    5023 |    3152 |  38.6 |      15 |       7 |  31.8
     Lair:4 |    7025 |    1267 |  15.3 |      22 |       2 |   8.3
     Lair:5 |   11516 |   11111 |  49.1 |      29 |      28 |  49.1
   Shoals:1 |    9603 |    6134 |  39.0 |      20 |       9 |  31.0
   Spider:1 |    3574 |       0 |   0.0 |       8 |       0 |   0.0
      Orc:1 |    1932 |     780 |  28.8 |      27 |       3 |  10.0
      Orc:2 |    2518 |   16620 |  86.8 |      13 |      36 |  73.5
            +---------+---------+-------+---------+---------+-------
